noo, lawful female human Valkyrie -------------- #.............+ ---------- |.......<....| |......f.|#### ------- .............-### |......dd| ####-....$| |.........|..| |.....MNd.#####|......######-............| |........|### -....{| -------------- |........| |.>.... |........| ------- ---------- noo the Stripling Experience level: 1 Strength: 16 Dexterity: 16 Constitution: 18 Intelligence: 8 Wisdom: 10 Charisma: 9 Health: 0(1) Energy: 0(0) Def: 1 Gold: 527 Moves: 8761 Dungeon seed: 8v13aQ3yEHEMKlCJ Game ID: noo_1466829829 Your Inventory: Coins $ - 527 gold pieces Weapons b - a rusty +0 dagger p - a rusty +0 aklys U - a +2 quarterstaff (weapon in hands) Armor e - an uncursed +0 elven shield n - an uncursed +0 alchemy smock (being worn) Comestibles K - an uncursed food ration S - an uncursed partly eaten food ration Scrolls Q - an uncursed scroll of blank paper Rings j - an uncursed ring of invisibility (on right hand) Tools m - an uncursed mirror D - an uncursed tin whistle L - an uncursed tin whistle Gems q - an uncursed luckstone r - an uncursed worthless piece of white glass Spells and supernatural/magical abilities: Name Level Category Fail Memory W - pray for help -- divine ? -- Your skills at the end: Fighting Skills Weapon Skills dagger [Basic] long sword [Basic] Spellcasting Skills Final Attributes: You were piously aligned. You were cold resistant. You were poison resistant. You were acid resistant. You were invisible. You were stealthy. You had extra luck. Bad luck did not time out for you. Good luck did not time out for you. Tyr was angry with you. You are dead (594th time!). Vanquished creatures: a rock troll an umber hulk a wumpus a long worm an earth elemental an ettin mummy an ogre lord 2 wood golems a tiger a python a wraith a Grey-elf a crocodile a cockatrice 2 wolves 2 lynxes 21 gremlins an orc-captain a mumak a giant spider 2 gnome kings a werewolf a giant eel a dog a dwarf lord a blue jelly a gnome mummy a soldier ant a wood nymph 3 fog clouds 2 violet fungi 10 gnome lords 5 gnomish wizards a gray ooze an elf zombie a straw golem 2 giant ants 2 kittens 8 dwarves a kobold lord 3 hill orcs a centipede 5 orc zombies a wererat 2 iguanas 16 killer bees 2 coyotes a gas spore a hobbit 5 manes a hobgoblin 4 giant rats a cave spider a yellow mold a green mold 47 gnomes 4 garter snakes 6 geckos 4 jackals a fox a kobold 3 goblins 2 sewer rats 2 grid bugs 2 bats 4 lichens 2 newts 212 creatures vanquished. Voluntary challenges: You had followed a strict vegan diet until turn 5879. You had followed a strict vegetarian diet until turn 5879. You had been an atheist until turn 2555. You used a wielded weapon 708 times, starting on turn 86. You read items or engraved 14 times, starting on turn 1154. You never genocided any monsters. You never polymorphed an object. You changed form 2 times, starting on turn 2350. You used 3 wishes, starting on turn 4246. You did not wish for any artifacts. You never split a pudding. You wrote Elbereth's name 5 times, starting on turn 8387. You violated your moral code, losing 63 points of alignment, starting on turn 1272. Dungeon overview: The Dungeons of Doom: levels 1 to 23 Level 1 some fountains a long staircase Level 2 Level 3 a potion shop, a sink stairs to The Gnomish Mines Level 4 Level 5 Level 6 a fountain Level 7 Level 8 Level 9 many fountains Level 10 a fountain Level 11 Level 12 Level 13 Level 14 Level 15 a fountain Level 16 Level 17 an armor shop, an altar to Odin Level 18 Level 19 Level 20 Level 21 Level 22 <- You were here a fountain Level 23 The Gnomish Mines: levels 4 to 11 Level 4 stairs to The Dungeons of Doom Level 5 Level 6 Level 7 many shops, a temple to Loki, some fountains Level 8 Level 9 Level 10 Level 11 History has recorded: On T:1 you entered the Dungeons of Doom to retrieve the Amulet of Yendor! On T:212 you reached level 2 of The Dungeons of Doom. On T:270 you reached level 3 of The Dungeons of Doom. On T:336 you were saved from death by your wizard powers! On T:379 you reached level 1 of The Gnomish Mines. On T:392 you advanced to experience level 2. On T:416 you were saved from death by your wizard powers! On T:418 you advanced to experience level 3. On T:425 you reached level 2 of The Gnomish Mines. On T:463 you were saved from death by your wizard powers! On T:510 you were saved from death by your wizard powers! On T:514 you advanced to experience level 4. On T:555 you were saved from death by your wizard powers! On T:556 you reached level 3 of The Gnomish Mines. On T:692 you were saved from death by your wizard powers! On T:721 you were saved from death by your wizard powers! On T:722 you advanced to experience level 5. On T:744 you were saved from death by your wizard powers! On T:793 you reached level 4 of The Gnomish Mines. On T:823 you reached level 5 of The Gnomish Mines. On T:881 you reached level 6 of The Gnomish Mines. On T:986 you were saved from death by your wizard powers! On T:988 you advanced to experience level 6. On T:1027 you were saved from death by your wizard powers! On T:1034 you were saved from death by your wizard powers! On T:1040 you were saved from death by your wizard powers! On T:1057 you were saved from death by your wizard powers! On T:1066 you were saved from death by your wizard powers! On T:1074 you reached level 7 of The Gnomish Mines. On T:1080 you reached level 8 of The Gnomish Mines. On T:1283 you were saved from death by your wizard powers! On T:1519 you advanced to experience level 7. On T:2796 you were saved from death by your wizard powers! On T:2976 you were saved from death by your wizard powers! On T:3103 you advanced to experience level 8. On T:4246 you wished for "magic mapping". On T:4278 you wished for "". On T:4293 you reached level 4 of The Dungeons of Doom. On T:4346 you were saved from death by your wizard powers! On T:4470 you were saved from death by your wizard powers! On T:4473 you were saved from death by your wizard powers! On T:4476 you were saved from death by your wizard powers! On T:4557 you wished for "Magic mapping". On T:4605 you reached level 5 of The Dungeons of Doom. On T:4726 you reached level 6 of The Dungeons of Doom. On T:4891 you were saved from death by your wizard powers! On T:4917 you reached level 7 of The Dungeons of Doom. On T:4941 you reached level 8 of The Dungeons of Doom. On T:5175 you reached level 9 of The Dungeons of Doom. On T:5491 you reached level 10 of The Dungeons of Doom. On T:5613 you reached level 11 of The Dungeons of Doom. On T:5636 you reached level 12 of The Dungeons of Doom. On T:5675 you reached level 13 of The Dungeons of Doom. On T:5705 you reached level 14 of The Dungeons of Doom. On T:5727 you reached level 15 of The Dungeons of Doom. On T:5813 you reached level 16 of The Dungeons of Doom. On T:6029 you were saved from death by your wizard powers! On T:6080 you were saved from death by your wizard powers! On T:6081 you were saved from death by your wizard powers! On T:6082 you were saved from death by your wizard powers! On T:6084 you were saved from death by your wizard powers! On T:6105 you were saved from death by your wizard powers! On T:6115 you were saved from death by your wizard powers! On T:6116 you were saved from death by your wizard powers! On T:6117 you were saved from death by your wizard powers! On T:6119 you were saved from death by your wizard powers! On T:6120 you were saved from death by your wizard powers! On T:6121 you were saved from death by your wizard powers! On T:6123 you advanced to experience level 9. On T:6138 you reached level 17 of The Dungeons of Doom. On T:6214 you were saved from death by your wizard powers! On T:6859 you reached level 18 of The Dungeons of Doom. On T:6870 you were saved from death by your wizard powers! On T:7005 you were saved from death by your wizard powers! On T:7234 you were saved from death by your wizard powers! On T:7237 you were saved from death by your wizard powers! On T:7243 you were saved from death by your wizard powers! On T:7246 you were saved from death by your wizard powers! On T:7249 you were saved from death by your wizard powers! On T:7583 you were saved from death by your wizard powers! On T:7588 you were saved from death by your wizard powers! On T:7597 you were saved from death by your wizard powers! On T:7619 you were saved from death by your wizard powers! On T:7627 you were saved from death by your wizard powers! On T:7695 you reached level 19 of The Dungeons of Doom. On T:7744 you advanced to experience level 10. On T:7816 you were saved from death by your wizard powers! On T:7855 you were saved from death by your wizard powers! On T:7982 you reached level 20 of The Dungeons of Doom. On T:8033 you reached level 21 of The Dungeons of Doom. On T:8047 you were saved from death by your wizard powers! On T:8226 you reached level 22 of The Dungeons of Doom. On T:8302 you reached level 23 of The Dungeons of Doom. On T:8342 you were saved from death by your wizard powers! On T:8349 you were saved from death by your wizard powers! On T:8354 you were saved from death by your wizard powers! On T:8358 you were saved from death by your wizard powers! On T:8361 you were saved from death by your wizard powers! On T:8363 you were saved from death by your wizard powers! On T:8365 you were saved from death by your wizard powers! On T:8367 you were saved from death by your wizard powers! On T:8368 you were saved from death by your wizard powers! On T:8370 you were saved from death by your wizard powers! On T:8371 you were saved from death by your wizard powers! On T:8372 you were saved from death by your wizard powers! On T:8373 you were saved from death by your wizard powers! On T:8374 you were saved from death by your wizard powers! On T:8375 you were saved from death by your wizard powers! On T:8376 you were saved from death by your wizard powers! On T:8376 you were saved from death by your wizard powers! On T:8377 you were saved from death by your wizard powers! On T:8377 you were saved from death by your wizard powers! On T:8379 you were saved from death by your wizard powers! On T:8381 you were saved from death by your wizard powers! On T:8382 you were saved from death by your wizard powers! On T:8383 you were saved from death by your wizard powers! On T:8384 you were saved from death by your wizard powers! On T:8384 you were saved from death by your wizard powers! On T:8384 you were saved from death by your wizard powers! On T:8385 you were saved from death by your wizard powers! On T:8385 you were saved from death by your wizard powers! On T:8386 you were saved from death by your wizard powers! On T:8386 you were saved from death by your wizard powers! On T:8386 you were saved from death by your wizard powers! On T:8393 you were saved from death by your wizard powers! On T:8393 you were saved from death by your wizard powers! On T:8394 you were saved from death by your wizard powers! On T:8394 you were saved from death by your wizard powers! On T:8396 you were saved from death by your wizard powers! On T:8396 you were saved from death by your wizard powers! On T:8397 you were saved from death by your wizard powers! On T:8397 you were saved from death by your wizard powers! On T:8397 you were saved from death by your wizard powers! On T:8397 you were saved from death by your wizard powers! On T:8398 you were saved from death by your wizard powers! On T:8398 you were saved from death by your wizard powers! On T:8404 you were saved from death by your wizard powers! On T:8404 you were saved from death by your wizard powers! On T:8404 you were saved from death by your wizard powers! On T:8405 you were saved from death by your wizard powers! On T:8405 you were saved from death by your wizard powers! On T:8406 you were saved from death by your wizard powers! On T:8406 you were saved from death by your wizard powers! On T:8413 you were saved from death by your wizard powers! On T:8413 you were saved from death by your wizard powers! On T:8414 you were saved from death by your wizard powers! On T:8414 you were saved from death by your wizard powers! On T:8415 you were saved from death by your wizard powers! On T:8415 you were saved from death by your wizard powers! On T:8416 you were saved from death by your wizard powers! On T:8416 you were saved from death by your wizard powers! On T:8417 you were saved from death by your wizard powers! On T:8417 you were saved from death by your wizard powers! On T:8417 you were saved from death by your wizard powers! On T:8418 you were saved from death by your wizard powers! On T:8418 you were saved from death by your wizard powers! On T:8418 you were saved from death by your wizard powers! On T:8419 you were saved from death by your wizard powers! On T:8419 you were saved from death by your wizard powers! On T:8420 you were saved from death by your wizard powers! On T:8420 you were saved from death by your wizard powers! On T:8420 you were saved from death by your wizard powers! On T:8420 you were saved from death by your wizard powers! On T:8420 you were saved from death by your wizard powers! On T:8422 you were saved from death by your wizard powers! On T:8422 you were saved from death by your wizard powers! On T:8426 you were saved from death by your wizard powers! On T:8426 you were saved from death by your wizard powers! On T:8426 you were saved from death by your wizard powers! On T:8427 you were saved from death by your wizard powers! On T:8427 you were saved from death by your wizard powers! On T:8427 you were saved from death by your wizard powers! On T:8428 you were saved from death by your wizard powers! On T:8428 you were saved from death by your wizard powers! On T:8428 you were saved from death by your wizard powers! On T:8428 you were saved from death by your wizard powers! On T:8428 you were saved from death by your wizard powers! On T:8429 you were saved from death by your wizard powers! On T:8429 you were saved from death by your wizard powers! On T:8429 you were saved from death by your wizard powers! On T:8429 you were saved from death by your wizard powers! On T:8429 you were saved from death by your wizard powers! On T:8429 you were saved from death by your wizard powers! On T:8429 you were saved from death by your wizard powers! On T:8429 you were saved from death by your wizard powers! On T:8429 you were saved from death by your wizard powers! On T:8429 you were saved from death by your wizard powers! On T:8429 you were saved from death by your wizard powers! On T:8429 you were saved from death by your wizard powers! On T:8429 you were saved from death by your wizard powers! On T:8429 you were saved from death by your wizard powers! On T:8429 you were saved from death by your wizard powers! On T:8429 you were saved from death by your wizard powers! On T:8429 you were saved from death by your wizard powers! On T:8429 you were saved from death by your wizard powers! On T:8429 you were saved from death by your wizard powers! On T:8429 you were saved from death by your wizard powers! On T:8429 you were saved from death by your wizard powers! On T:8429 you were saved from death by your wizard powers! On T:8429 you were saved from death by your wizard powers! On T:8430 you were saved from death by your wizard powers! On T:8430 you were saved from death by your wizard powers! On T:8430 you were saved from death by your wizard powers! On T:8430 you were saved from death by your wizard powers! On T:8430 you were saved from death by your wizard powers! On T:8430 you were saved from death by your wizard powers! On T:8431 you were saved from death by your wizard powers! On T:8431 you were saved from death by your wizard powers! On T:8431 you were saved from death by your wizard powers! On T:8431 you were saved from death by your wizard powers! On T:8431 you were saved from death by your wizard powers! On T:8431 you were saved from death by your wizard powers! On T:8439 you were saved from death by your wizard powers! On T:8440 you were saved from death by your wizard powers! On T:8441 you were saved from death by your wizard powers! On T:8443 you were saved from death by your wizard powers! On T:8444 you were saved from death by your wizard powers! On T:8459 you were saved from death by your wizard powers! On T:8459 you were saved from death by your wizard powers! On T:8460 you were saved from death by your wizard powers! On T:8464 you were saved from death by your wizard powers! On T:8465 you were saved from death by your wizard powers! On T:8465 you were saved from death by your wizard powers! On T:8466 you were saved from death by your wizard powers! On T:8467 you were saved from death by your wizard powers! On T:8468 you were saved from death by your wizard powers! On T:8468 you were saved from death by your wizard powers! On T:8468 you were saved from death by your wizard powers! On T:8469 you were saved from death by your wizard powers! On T:8470 you were saved from death by your wizard powers! On T:8471 you were saved from death by your wizard powers! On T:8471 you were saved from death by your wizard powers! On T:8471 you were saved from death by your wizard powers! On T:8472 you were saved from death by your wizard powers! On T:8473 you were saved from death by your wizard powers! On T:8474 you were saved from death by your wizard powers! On T:8474 you were saved from death by your wizard powers! On T:8474 you were saved from death by your wizard powers! On T:8475 you were saved from death by your wizard powers! On T:8477 you were saved from death by your wizard powers! On T:8477 you were saved from death by your wizard powers! On T:8478 you were saved from death by your wizard powers! On T:8478 you were saved from death by your wizard powers! On T:8479 you were saved from death by your wizard powers! On T:8480 you were saved from death by your wizard powers! On T:8480 you were saved from death by your wizard powers! On T:8482 you were saved from death by your wizard powers! On T:8483 you were saved from death by your wizard powers! On T:8483 you were saved from death by your wizard powers! On T:8484 you were saved from death by your wizard powers! On T:8486 you were saved from death by your wizard powers! On T:8486 you were saved from death by your wizard powers! On T:8488 you were saved from death by your wizard powers! On T:8489 you were saved from death by your wizard powers! On T:8489 you were saved from death by your wizard powers! On T:8490 you were saved from death by your wizard powers! On T:8492 you were saved from death by your wizard powers! On T:8492 you were saved from death by your wizard powers! On T:8494 you were saved from death by your wizard powers! On T:8495 you were saved from death by your wizard powers! On T:8497 you were saved from death by your wizard powers! On T:8498 you were saved from death by your wizard powers! On T:8499 you were saved from death by your wizard powers! On T:8501 you were saved from death by your wizard powers! On T:8501 you were saved from death by your wizard powers! On T:8503 you were saved from death by your wizard powers! On T:8504 you were saved from death by your wizard powers! On T:8505 you were saved from death by your wizard powers! On T:8507 you were saved from death by your wizard powers! On T:8507 you were saved from death by your wizard powers! On T:8510 you were saved from death by your wizard powers! On T:8510 you were saved from death by your wizard powers! On T:8512 you were saved from death by your wizard powers! On T:8513 you were saved from death by your wizard powers! On T:8513 you were saved from death by your wizard powers! On T:8514 you were saved from death by your wizard powers! On T:8515 you were saved from death by your wizard powers! On T:8516 you were saved from death by your wizard powers! On T:8516 you were saved from death by your wizard powers! On T:8516 you were saved from death by your wizard powers! On T:8517 you were saved from death by your wizard powers! On T:8518 you were saved from death by your wizard powers! On T:8519 you were saved from death by your wizard powers! On T:8519 you were saved from death by your wizard powers! On T:8519 you were saved from death by your wizard powers! On T:8520 you were saved from death by your wizard powers! On T:8520 you were saved from death by your wizard powers! On T:8521 you were saved from death by your wizard powers! On T:8522 you were saved from death by your wizard powers! On T:8522 you were saved from death by your wizard powers! On T:8522 you were saved from death by your wizard powers! On T:8539 you were saved from death by your wizard powers! On T:8540 you were saved from death by your wizard powers! On T:8548 you were saved from death by your wizard powers! On T:8549 you were saved from death by your wizard powers! On T:8552 you were saved from death by your wizard powers! On T:8554 you were saved from death by your wizard powers! On T:8555 you were saved from death by your wizard powers! On T:8555 you were saved from death by your wizard powers! On T:8556 you were saved from death by your wizard powers! On T:8557 you were saved from death by your wizard powers! On T:8558 you were saved from death by your wizard powers! On T:8558 you were saved from death by your wizard powers! On T:8559 you were saved from death by your wizard powers! On T:8561 you were saved from death by your wizard powers! On T:8563 you were saved from death by your wizard powers! On T:8564 you were saved from death by your wizard powers! On T:8565 you were saved from death by your wizard powers! On T:8567 you were saved from death by your wizard powers! On T:8569 you were saved from death by your wizard powers! On T:8571 you were saved from death by your wizard powers! On T:8572 you were saved from death by your wizard powers! On T:8573 you were saved from death by your wizard powers! On T:8573 you were saved from death by your wizard powers! On T:8574 you were saved from death by your wizard powers! On T:8575 you were saved from death by your wizard powers! On T:8576 you were saved from death by your wizard powers! On T:8577 you were saved from death by your wizard powers! On T:8579 you were saved from death by your wizard powers! On T:8581 you were saved from death by your wizard powers! On T:8582 you were saved from death by your wizard powers! On T:8587 you were saved from death by your wizard powers! On T:8592 you were saved from death by your wizard powers! On T:8597 you were saved from death by your wizard powers! On T:8598 you were saved from death by your wizard powers! On T:8603 you were saved from death by your wizard powers! On T:8604 you were saved from death by your wizard powers! On T:8625 you were saved from death by your wizard powers! On T:8630 you were saved from death by your wizard powers! On T:8635 you were saved from death by your wizard powers! On T:8638 you were saved from death by your wizard powers! On T:8640 you were saved from death by your wizard powers! On T:8640 you were saved from death by your wizard powers! On T:8641 you were saved from death by your wizard powers! On T:8642 you were saved from death by your wizard powers! On T:8643 you were saved from death by your wizard powers! On T:8643 you were saved from death by your wizard powers! On T:8644 you were saved from death by your wizard powers! On T:8644 you were saved from death by your wizard powers! On T:8644 you were saved from death by your wizard powers! On T:8644 you were saved from death by your wizard powers! On T:8645 you were saved from death by your wizard powers! On T:8645 you were saved from death by your wizard powers! On T:8645 you were saved from death by your wizard powers! On T:8645 you were saved from death by your wizard powers! On T:8646 you were saved from death by your wizard powers! On T:8646 you were saved from death by your wizard powers! On T:8646 you were saved from death by your wizard powers! On T:8646 you were saved from death by your wizard powers! On T:8646 you were saved from death by your wizard powers! On T:8647 you were saved from death by your wizard powers! On T:8647 you were saved from death by your wizard powers! On T:8647 you were saved from death by your wizard powers! On T:8647 you were saved from death by your wizard powers! On T:8648 you were saved from death by your wizard powers! On T:8648 you were saved from death by your wizard powers! On T:8648 you were saved from death by your wizard powers! On T:8648 you were saved from death by your wizard powers! On T:8648 you were saved from death by your wizard powers! On T:8649 you were saved from death by your wizard powers! On T:8649 you were saved from death by your wizard powers! On T:8649 you were saved from death by your wizard powers! On T:8649 you were saved from death by your wizard powers! On T:8649 you were saved from death by your wizard powers! On T:8650 you were saved from death by your wizard powers! On T:8650 you were saved from death by your wizard powers! On T:8650 you were saved from death by your wizard powers! On T:8650 you were saved from death by your wizard powers! On T:8654 you were saved from death by your wizard powers! On T:8661 you were saved from death by your wizard powers! On T:8661 you were saved from death by your wizard powers! On T:8661 you were saved from death by your wizard powers! On T:8671 you were saved from death by your wizard powers! On T:8671 you were saved from death by your wizard powers! On T:8671 you were saved from death by your wizard powers! On T:8673 you were saved from death by your wizard powers! On T:8673 you were saved from death by your wizard powers! On T:8674 you were saved from death by your wizard powers! On T:8674 you were saved from death by your wizard powers! On T:8682 you were saved from death by your wizard powers! On T:8682 you were saved from death by your wizard powers! On T:8684 you were saved from death by your wizard powers! On T:8684 you were saved from death by your wizard powers! On T:8686 you were saved from death by your wizard powers! On T:8686 you were saved from death by your wizard powers! On T:8687 you were saved from death by your wizard powers! On T:8687 you were saved from death by your wizard powers! On T:8687 you were saved from death by your wizard powers! On T:8687 you were saved from death by your wizard powers! On T:8687 you were saved from death by your wizard powers! On T:8687 you were saved from death by your wizard powers! On T:8689 you were saved from death by your wizard powers! On T:8689 you were saved from death by your wizard powers! On T:8692 you were saved from death by your wizard powers! On T:8692 you were saved from death by your wizard powers! On T:8692 you were saved from death by your wizard powers! On T:8693 you were saved from death by your wizard powers! On T:8693 you were saved from death by your wizard powers! On T:8693 you were saved from death by your wizard powers! On T:8693 you were saved from death by your wizard powers! On T:8693 you were saved from death by your wizard powers! On T:8694 you were saved from death by your wizard powers! On T:8694 you were saved from death by your wizard powers! On T:8694 you were saved from death by your wizard powers! On T:8694 you were saved from death by your wizard powers! On T:8694 you were saved from death by your wizard powers! On T:8708 you were saved from death by your wizard powers! On T:8708 you were saved from death by your wizard powers! On T:8708 you were saved from death by your wizard powers! On T:8711 you were saved from death by your wizard powers! On T:8711 you were saved from death by your wizard powers! On T:8711 you were saved from death by your wizard powers! On T:8712 you were saved from death by your wizard powers! On T:8712 you were saved from death by your wizard powers! On T:8712 you were saved from death by your wizard powers! On T:8712 you were saved from death by your wizard powers! On T:8712 you were saved from death by your wizard powers! On T:8712 you were saved from death by your wizard powers! On T:8714 you were saved from death by your wizard powers! On T:8714 you were saved from death by your wizard powers! On T:8714 you were saved from death by your wizard powers! On T:8715 you were saved from death by your wizard powers! On T:8715 you were saved from death by your wizard powers! On T:8715 you were saved from death by your wizard powers! On T:8715 you were saved from death by your wizard powers! On T:8715 you were saved from death by your wizard powers! On T:8716 you were saved from death by your wizard powers! On T:8716 you were saved from death by your wizard powers! On T:8716 you were saved from death by your wizard powers! On T:8716 you were saved from death by your wizard powers! On T:8716 you were saved from death by your wizard powers! On T:8716 you were saved from death by your wizard powers! On T:8716 you were saved from death by your wizard powers! On T:8716 you were saved from death by your wizard powers! On T:8716 you were saved from death by your wizard powers! On T:8717 you were saved from death by your wizard powers! On T:8717 you were saved from death by your wizard powers! On T:8717 you were saved from death by your wizard powers! On T:8717 you were saved from death by your wizard powers! On T:8717 you were saved from death by your wizard powers! On T:8718 you were saved from death by your wizard powers! On T:8719 you were saved from death by your wizard powers! On T:8719 you were saved from death by your wizard powers! On T:8719 you were saved from death by your wizard powers! On T:8719 you were saved from death by your wizard powers! On T:8720 you were saved from death by your wizard powers! On T:8720 you were saved from death by your wizard powers! On T:8720 you were saved from death by your wizard powers! On T:8720 you were saved from death by your wizard powers! On T:8720 you were saved from death by your wizard powers! On T:8720 you were saved from death by your wizard powers! On T:8720 you were saved from death by your wizard powers! On T:8720 you were saved from death by your wizard powers! On T:8720 you were saved from death by your wizard powers! On T:8720 you were saved from death by your wizard powers! On T:8720 you were saved from death by your wizard powers! On T:8721 you were saved from death by your wizard powers! On T:8721 you were saved from death by your wizard powers! On T:8721 you were saved from death by your wizard powers! On T:8721 you were saved from death by your wizard powers! On T:8721 you were saved from death by your wizard powers! On T:8721 you were saved from death by your wizard powers! On T:8721 you were saved from death by your wizard powers! On T:8721 you were saved from death by your wizard powers! On T:8721 you were saved from death by your wizard powers! On T:8722 you were saved from death by your wizard powers! On T:8722 you were saved from death by your wizard powers! On T:8722 you were saved from death by your wizard powers! On T:8722 you were saved from death by your wizard powers! On T:8722 you were saved from death by your wizard powers! On T:8722 you were saved from death by your wizard powers! On T:8722 you were saved from death by your wizard powers! On T:8723 you were saved from death by your wizard powers! On T:8723 you were saved from death by your wizard powers! On T:8723 you were saved from death by your wizard powers! On T:8723 you were saved from death by your wizard powers! On T:8723 you were saved from death by your wizard powers! On T:8723 you were saved from death by your wizard powers! On T:8723 you were saved from death by your wizard powers! On T:8723 you were saved from death by your wizard powers! On T:8723 you were saved from death by your wizard powers! On T:8723 you were saved from death by your wizard powers! On T:8723 you were saved from death by your wizard powers! On T:8724 you were saved from death by your wizard powers! On T:8724 you were saved from death by your wizard powers! On T:8724 you were saved from death by your wizard powers! On T:8725 you were saved from death by your wizard powers! On T:8725 you were saved from death by your wizard powers! On T:8725 you were saved from death by your wizard powers! On T:8725 you were saved from death by your wizard powers! On T:8726 you were saved from death by your wizard powers! On T:8726 you were saved from death by your wizard powers! On T:8726 you were saved from death by your wizard powers! On T:8727 you were saved from death by your wizard powers! On T:8727 you were saved from death by your wizard powers! On T:8727 you were saved from death by your wizard powers! On T:8727 you were saved from death by your wizard powers! On T:8727 you were saved from death by your wizard powers! On T:8728 you were saved from death by your wizard powers! On T:8728 you were saved from death by your wizard powers! On T:8728 you were saved from death by your wizard powers! On T:8728 you were saved from death by your wizard powers! On T:8728 you were saved from death by your wizard powers! On T:8728 you were saved from death by your wizard powers! On T:8728 you were saved from death by your wizard powers! On T:8728 you were saved from death by your wizard powers! On T:8731 you were saved from death by your wizard powers! On T:8732 you were saved from death by your wizard powers! On T:8732 you were saved from death by your wizard powers! On T:8732 you were saved from death by your wizard powers! On T:8733 you were saved from death by your wizard powers! On T:8733 you were saved from death by your wizard powers! On T:8733 you were saved from death by your wizard powers! On T:8733 you were saved from death by your wizard powers! On T:8733 you were saved from death by your wizard powers! On T:8733 you were saved from death by your wizard powers! On T:8736 you were saved from death by your wizard powers! On T:8736 you were saved from death by your wizard powers! On T:8736 you were saved from death by your wizard powers! On T:8737 you were saved from death by your wizard powers! On T:8737 you were saved from death by your wizard powers! On T:8737 you were saved from death by your wizard powers! On T:8737 you were saved from death by your wizard powers! On T:8738 you were saved from death by your wizard powers! On T:8739 you were saved from death by your wizard powers! On T:8740 you were saved from death by your wizard powers! On T:8740 you were saved from death by your wizard powers! On T:8740 you were saved from death by your wizard powers! On T:8741 you were saved from death by your wizard powers! On T:8741 you were saved from death by your wizard powers! On T:8741 you were saved from death by your wizard powers! On T:8741 you were saved from death by your wizard powers! On T:8742 you were saved from death by your wizard powers! On T:8742 you were saved from death by your wizard powers! On T:8742 you were saved from death by your wizard powers! On T:8742 you were saved from death by your wizard powers! On T:8743 you were saved from death by your wizard powers! On T:8744 you were saved from death by your wizard powers! On T:8744 you were saved from death by your wizard powers! On T:8744 you were saved from death by your wizard powers! On T:8744 you were saved from death by your wizard powers! On T:8744 you were saved from death by your wizard powers! On T:8744 you were saved from death by your wizard powers! On T:8744 you were saved from death by your wizard powers! On T:8744 you were saved from death by your wizard powers! On T:8745 you were saved from death by your wizard powers! On T:8745 you were saved from death by your wizard powers! On T:8745 you were saved from death by your wizard powers! On T:8745 you were saved from death by your wizard powers! On T:8745 you were saved from death by your wizard powers! On T:8745 you were saved from death by your wizard powers! On T:8746 you were saved from death by your wizard powers! On T:8746 you were saved from death by your wizard powers! On T:8746 you were saved from death by your wizard powers! On T:8746 you were saved from death by your wizard powers! On T:8746 you were saved from death by your wizard powers! On T:8746 you were saved from death by your wizard powers! On T:8747 you were saved from death by your wizard powers! On T:8747 you were saved from death by your wizard powers! On T:8747 you were saved from death by your wizard powers! On T:8747 you were saved from death by your wizard powers! On T:8747 you were saved from death by your wizard powers! On T:8747 you were saved from death by your wizard powers! On T:8748 you were saved from death by your wizard powers! On T:8748 you were saved from death by your wizard powers! On T:8748 you were saved from death by your wizard powers! On T:8748 you were saved from death by your wizard powers! On T:8748 you were saved from death by your wizard powers! On T:8748 you were saved from death by your wizard powers! On T:8748 you were saved from death by your wizard powers! On T:8748 you were saved from death by your wizard powers! On T:8748 you were saved from death by your wizard powers! On T:8749 you were saved from death by your wizard powers! On T:8750 you were saved from death by your wizard powers! On T:8750 you were saved from death by your wizard powers! On T:8751 you were saved from death by your wizard powers! On T:8751 you were saved from death by your wizard powers! On T:8751 you were saved from death by your wizard powers! On T:8751 you were saved from death by your wizard powers! On T:8751 you were saved from death by your wizard powers! On T:8752 you were saved from death by your wizard powers! On T:8752 you were saved from death by your wizard powers! On T:8752 you were saved from death by your wizard powers! On T:8752 you were saved from death by your wizard powers! On T:8752 you were saved from death by your wizard powers! On T:8752 you were saved from death by your wizard powers! On T:8752 you were saved from death by your wizard powers! On T:8752 you were saved from death by your wizard powers! On T:8753 you were saved from death by your wizard powers! On T:8753 you were saved from death by your wizard powers! On T:8753 you were saved from death by your wizard powers! On T:8753 you were saved from death by your wizard powers! On T:8753 you were saved from death by your wizard powers! On T:8754 you were saved from death by your wizard powers! On T:8754 you were saved from death by your wizard powers! On T:8754 you were saved from death by your wizard powers! On T:8754 you were saved from death by your wizard powers! On T:8754 you were saved from death by your wizard powers! On T:8755 you were saved from death by your wizard powers! On T:8755 you were saved from death by your wizard powers! On T:8755 you were saved from death by your wizard powers! On T:8755 you were saved from death by your wizard powers! On T:8755 you were saved from death by your wizard powers! On T:8756 you were saved from death by your wizard powers! On T:8756 you were saved from death by your wizard powers! On T:8756 you were saved from death by your wizard powers! On T:8756 you were saved from death by your wizard powers! On T:8756 you were saved from death by your wizard powers! On T:8756 you were saved from death by your wizard powers! On T:8756 you were saved from death by your wizard powers! On T:8756 you were saved from death by your wizard powers! On T:8757 you were saved from death by your wizard powers! On T:8757 you were saved from death by your wizard powers! On T:8757 you were saved from death by your wizard powers! On T:8757 you were saved from death by your wizard powers! On T:8757 you were saved from death by your wizard powers! On T:8758 you were saved from death by your wizard powers! On T:8758 you were saved from death by your wizard powers! On T:8758 you were saved from death by your wizard powers! On T:8758 you were saved from death by your wizard powers! On T:8758 you were saved from death by your wizard powers! On T:8759 you were saved from death by your wizard powers! On T:8759 you were saved from death by your wizard powers! On T:8759 you were saved from death by your wizard powers! On T:8759 you were saved from death by your wizard powers! On T:8759 you were saved from death by your wizard powers! On T:8760 you were saved from death by your wizard powers! On T:8760 you were saved from death by your wizard powers! On T:8760 you were saved from death by your wizard powers! On T:8760 you were saved from death by your wizard powers! On T:8760 you were saved from death by your wizard powers! On T:8760 you were saved from death by your wizard powers! On T:8760 you were saved from death by your wizard powers! On T:8760 you were saved from death by your wizard powers! On T:8761 you were saved from death by your wizard powers! On T:8761 you were saved from death by your wizard powers! Score breakdown: Gold: 527 ( 9261 points) Experience: 1 level ( 0 points) Exploration: 23 levels ( 46.94%) (20310 points) Discoveries: 23 items ( 9.39%) ( 9191 points) Valuables value: (no points given unless you survive) Artifact value: 0 ( 0 points) Variety of kills: 67 monsters ( 17.59%) (12580 points) Turncount: 8761 turns (-2183 points) Survival: died (score multiplied by 80%) Total score: 39327 Latest messages: OK, so you don't die. You survived that attempt on your life. The jaguar bites! You die... OK, so you don't die. You survived that attempt on your life. You miss the winter wolf cub. The winter wolf cub bites! You die... OK, so you don't die. You survived that attempt on your life. The winter wolf cub bites! You die... OK, so you don't die. You survived that attempt on your life. The jaguar hits! You die... Final status: Farvel noo the Valkyrie, killed by a jaguar... You died in The Dungeons of Doom on dungeon level 22 with 39327 points, and 527 pieces of gold, after 8761 moves. You were level 1 with a maximum of 1 hit point when you died.